Map: Frostline LE

Players

초텐 - Winner!

  • Race: Zerg Zerg
  • League: Master
  • Spawn Location: 1:00

인공지능 칸 (정예)

  • Race: Zerg Zerg
  • Spawn Location: 7:00

VOD

Have the link to the VOD?

Description

Time

  • Played on: March 27, 2025, 8:21 a.m.
  • Length: 3:57
Show
View Real Time Build Order
Export as new Build Order

초텐 Zerg - Winner!

Build Orders: Hatch First 

Get SALT Encoding   

  12  0:00  Drone  
  13  0:11  Drone  
  14  0:18  Extractor, Drone  
  14  0:20  Extractor  
  14  0:21  Drone  
  16  0:40  Hatchery  
  15  0:46  Extractor  
  14  0:56  Spawning Pool  
  13  1:00  Drone  
  14  1:07  Overlord  
  14  1:13  Extractor  
  14  1:14  Drone  
  15  1:26  Drone x2  
  17  1:36  Drone  
  18  1:45  Queen  
  20  1:50  Metabolic Boost  
  20  2:01  Queen  
  20  2:05  Zergling x2  
  23  2:15  Overlord  
  23  2:20  Zergling x6  
  23  2:22  Zergling x2  
  27  2:27  Zergling x2  
  28  2:34  Zergling x2  
  29  2:38  Zergling x4  
  31  2:46  Zergling x2  
  31  2:50  Zergling x2  
  33  2:54  Overlord  
  33  2:56  Zergling x6  
  36  3:05  Zergling x2  
  36  3:13  Zergling x8  
  36  3:14  Zergling x2  
  41  3:26  Zergling x4  
  43  3:31  Zergling x2  
  43  3:32  Zergling x4  
  43  3:38  Zergling x4  
Show
View Real Time Build Order
Export as new Build Order

인공지능 칸 (정예) Zerg 

Build Orders: Pool First 

Get SALT Encoding   

  12  0:00  Drone  
  13  0:12  Overlord  
  13  0:17  Drone  
  14  0:30  Drone x2  
  16  0:42  Spawning Pool  
  15  0:44  Drone  
  15  0:48  Drone  
  17  1:11  Hatchery, Drone  
  17  1:14  Extractor  
  17  1:15  Drone  
  17  1:18  Drone  
  18  1:28  Drone  
  19  1:38  Overlord  
  19  1:46  Queen  
  21  1:49  Drone  
  22  2:00  Zergling x2  
  23  2:10  Drone  
  24  2:21  Queen, Drone  
  27  2:24  Roach Warren  
  27  2:26  Drone  
  27  2:31  Extractor  
  27  2:35  Drone  
  27  2:41  Overlord  
  27  2:44  Drone  
  27  2:47  Zergling x2  
  28  2:52  Drone  
  28  2:53  Drone  
  28  2:57  Drone  
  31  3:01  Drone  
  31  3:03  Zergling x2  
  33  3:06  Zergling x2  
  33  3:12  Roach  
  36  3:16  Drone  
  36  3:19  Roach  
  38  3:25  Roach  
  40  3:28  Zergling x2  
Tags
 
League
Master
Matchup
ZvZ
Race
Zerg
Spawn Locations
Cross Positions
Add a new tag
Caveats
  • Supply blocks, unpowered buildings, or Contaminate may cause inaccurate times.
  • Supply counts are checked every 10 seconds.